 Dungeon Crawl Stone Soup version 0.31-a0-369-g8eba5f6939 (webtiles) character file.

Game seed: 6668300159928793325

112 floatRand the Ruffian (level 4, -1/35 HPs)
             Began as a Draconian Shapeshifter on July 28, 2023.
             Slain by a kobold
             ... wielding a +0 whip
              (5 damage)
             ... on level 4 of the Dungeon.
             The game lasted 00:02:35 (3013 turns).

floatRand the Ruffian (Draconian Shapeshifter)      Turns: 3013, Time: 00:02:35

Health: -1/35      AC:  5    Str: 17    XL:     4   Next: 64%
Magic:  4/4        EV: 12    Int:  9    God:
Gold:   135        SH:  0    Dex: 13    Spells: 3/3 levels left

rFire   . .          .
                       - Unarmed
rCold   . . .        (no shield)
rNeg    . . .        (body armour unavailable)
rPois   .            (helmet currently unavailable)
rElec   .            (cloak currently unavailable)
rCorr   .            (gloves currently unavailable)
SInv    .            (boots currently unavailable)
Will    .....        (no amulet)
Stlth   +            (no ring)
HPRegen 0.25/turn    (no ring)
MPRegen 0.09/turn

%: no passive effects
@: beast-form
A: beast (slay +2), AC +5, unfitting armour, cold-blooded
a: Begin Untransformation


You were on level 4 of the Dungeon.
You were a hulking beast.
You visited 1 branch of the dungeon, and saw 4 of its levels.

You collected 135 gold pieces.

Inventory:

Talismans
 b - a beast talisman
Wands
 k - a wand of polymorph (6)
Scrolls
 c - 6 scrolls of teleportation {unknown}
 e - a scroll of brand weapon {unknown}
 h - a scroll of fog {unknown}
 i - 2 scrolls of vulnerability {unknown}
 j - a scroll of identify {unknown}
 l - a scroll of enchant weapon {unknown}
Potions
 a - a potion of lignification
 d - a potion of haste {unknown}
 f - 2 potions of heal wounds {unknown}
 g - 2 potions of curing {unknown}


   Skills:
 - Level 1.1 Fighting
 - Level 1.7 Dodging
 * Level 4.7 Unarmed Combat
 + Level 3.7 Shapeshifting


You had 3 spell levels left.
You didn't know any spells.
Your spell library was empty.

Dungeon Overview and Level Annotations

Branches:
Dungeon (4/15)
 Temple: D:4-7

Altars:
Fedhas
Hepliaklqana
Makhleb
Vehumet

Annotations:
D:2 1 runed translucent door, Crazy Yiuf


Innate Abilities, Weirdness & Mutations

You are a hulking beast.
Your limbs bulge with bestial killing power. (Slay +2)
Your plain brown scales are hard. (AC +5)
You cannot fit into any form of body armour.
You are cold-blooded and may be slowed by cold attacks.


Message History

You punch the iguana!
Your tail-slap misses the iguana.
The iguana is heavily wounded.
The kobold hits you with a +0 whip. The iguana barely misses you.
You hit the iguana but do no damage.
The iguana is heavily wounded.
The orc barely misses you. The iguana closely misses you.
The kobold hits you with a +0 whip.
Unknown command.
Unknown command.
You hit the iguana.
The iguana is heavily wounded.
The kobold hits you but does no damage. The orc hits you but does no damage.
The iguana bites you but does no damage.
You barely miss the iguana.
Your tail-slap misses the iguana.
The iguana is heavily wounded.
The kobold barely misses you. The orc barely misses you. The iguana bites you!
You hit the iguana.
The iguana is severely wounded.
The orc priest calls down the wrath of Beogh upon you.
Beogh smites you!
* * * LOW HITPOINT WARNING * * *
The kobold completely misses you. The orc misses you.
The iguana barely misses you.
You hear a bark!
Okay, then.
You punch the iguana!
You kill the iguana!
The orc misses you. The kobold closely misses you.
Unknown command.
You hit the rat.
The rat is moderately wounded.
The rat bites you but does no damage. The kobold hits you but does no damage.
The orc priest begins to cast a cantrip, but forgets the words!
The orc hits you with a +0 club.
* * * LOW HITPOINT WARNING * * *
Unknown command.
You hit the rat.
You kill the rat!
The kobold hits you with a +0 whip.
You die...

#.)........#
#..........#
#......<.#
#.o..)..##
#..##o####
#oo# ##o##
#Ko# #h##
#†# #.# #.#
#.# ..# .##
.


You could see an orc priest, 4 orcs and a kobold.

Vanquished Creatures
  An iguana (D:4)
  4 adders
  A dart slug (D:2)
  2 bats
  7 endoplasms
  A giant cockroach (D:2)
  5 hobgoblins
  8 kobolds
  3 quokkas
  3 ball pythons
  A frilled lizard (D:1)
  6 goblins
  6 rats
48 creatures vanquished.

Notes
Turn   | Place    | Note
-------+----------+-------------------------------------------
     0 | D:1      | floatRand the Draconian Shapeshifter began the quest for
                  | the Orb.
     0 | D:1      | Reached XP level 1. HP: 16/16 MP: 1/1
   254 | D:1      | Reached XP level 2. HP: 23/23 MP: 2/2
   439 | D:1      | Found a faded altar of an unknown god.
  1047 | D:2      | Reached XP level 3. HP: 16/28 MP: 3/3
  1239 | D:2      | Reached skill level 4 in Unarmed Combat
  1550 | D:2      | Found a runed translucent door.
  1551 | D:2      | Noticed Crazy Yiuf
  2315 | D:3      | Reached XP level 4. HP: 35/35 MP: 4/4
  2455 | D:3      | Found a blossoming altar of Fedhas.
  2510 | D:3      | Found a hazy altar of Hepliaklqana.
  2697 | D:3      | Found a radiant altar of Vehumet.
  2949 | D:4      | Noticed a scorpion
  2949 | D:4      | Found a burning altar of Makhleb.
  3013 | D:4      | Slain by a kobold

Illustrated notes

Levels and vault maps discovered:
D:1:      dpeg_arrival_three_same_balls, layout_loops_corners,
          hellmonk_ecumenical_altar_run_dry, nrook_campfire, minmay_pentomino_o4
D:2:      layout_basic, uniq_crazy_yiuf_cottage
D:3:      layout_loops_corners, mainiacjoe_overflow_catwalk,
          mainiacjoe_overflow_catch_the_wave
D:4:      layout_rooms, bloody_makhleb, nemelex_dance_club_becter,
          cheibrodos_sewer_entry_drain, minmay_liquid_box, uniq_eustachio

Skill      XL: |  1  2  3 |
---------------+----------+-----
Unarmed Combat | 4 |  4.7
Fighting       | |  1.1
Dodging        | |  1.7
Shapeshifting  | |  3.7

Action                     |  1- 3 |  4- 6 || total
---------------------------+-------+-------++-------
  Melee: Unarmed           |    87 |    20 ||   107
         Tailslap          |    10 |     1 ||    11
   Stab: Sleeping          |     4 |       ||     4
 Armour: Skin              |    21 |     8 ||    29
  Dodge: Dodged            |    43 |    21 ||    64

Table legend: (Time is in decaauts)
 A = Elapsed time spent in this place.
 B = Non-inter-level travel time spent in this place.
 C = Inter-level travel time spent in this place.
 D = Time resting spent in this place.
 E = Time spent auto-exploring this place.
 F = Levels seen in this place.
 G = Mean time per level.
                   A        B        C        D        E       F      G
               +--------+--------+--------+--------+--------+-----+--------+
         Total |   3010 |   2866 |    144 |    185 |   2276 |   4 |  752.5 |
       Dungeon |   3010 |   2866 |    144 |    185 |   2276 |   4 |  752.5 |
               +--------+--------+--------+--------+--------+-----+--------+

Top non-repeatable levels by time:
     D:2: 1046 daAuts
     D:1: 1012 daAuts
     D:3: 934 daAuts
     D:4: 17 daAuts
